 Dungeon Crawl Stone Soup version 0.30-a0-292-g0f741e3f8e (webtiles) character file.

Game seed: 10910998757057587414

235 scionoferis the Trooper (level 6, -4/48 HPs)
             Began as a Human Hexslinger on Oct 18, 2022.
             Succumbed to an orc's poison
             ... on level 5 of the Dungeon.
             The game lasted 00:05:09 (1662 turns).

scionoferis the Trooper (Human Hexslinger)          Turns: 1662, Time: 00:05:10

Health: -4/48      AC:  7    Str: 13    XL:     6   Next: 27%
Magic:  7/7        EV: 12    Int: 13    God:
Gold:   90         SH:  0    Dex: 13    Spells: 6/7 levels left

rFire   . . .      SeeInvis .    a - +1 whip (freeze)
rCold   . . .      Faith    .    (no shield)
rNeg    . . .      Spirit   .    f - +3 leather armour
rPois   .          Reflect  .    (no helmet)
rElec   .          Harm     .    (no cloak)
rCorr   .          Rampage  .    i - +0 pair of gloves
Will    .....                    (no boots)
Stlth   +.........               (no amulet)
HPRegen 0.28/turn                (no ring)
MPRegen 0.10/turn                (no ring)

@: lethally poisoned (-4 -> -44)
A: no striking features
a: no special abilities


You were on level 5 of the Dungeon.
You visited 1 branch of the dungeon, and saw 4 of its levels.

You collected 90 gold pieces.

Inventory:

Hand Weapons
 a - a +1 whip of freezing (weapon)
 b - a +1 sling
 c - a +0 shortbow
Missiles
 l - 6 poisoned darts
Armour
 f - a +3 leather armour (worn)
 i - a +0 pair of gloves (worn)
Scrolls
 d - a scroll of teleportation {unknown}
 e - a scroll of poison
 g - a scroll of vulnerability {unknown}
 h - a scroll of blinking {unknown}
 n - a scroll of fear {unknown}
 o - a scroll of immolation {unknown}
Potions
 j - a potion of flight {unknown}
 k - a potion of heal wounds {unknown}
 m - a potion of curing {unknown}


   Skills:
 * Level 4.1 Fighting
 - Level 2.0 Ranged Weapons
 + Level 2.5 Armour
 + Level 3.4 Dodging
 - Level 1.0 Spellcasting
 - Level 3.0 Hexes


You had 6 spell levels left.
You knew the following spells:

 Your Spells              Type           Power      Damage    Failure   Level
a - Slow                  Hex            32%        N/A       11%         1

Your spell library contained the following spells:

 Spells                   Type           Power      Damage    Failure   Level
 Inner Flame              Hex/Fire       4%         N/A       50%         3
 Portal Projectile        Hex/Tloc       8%         N/A       50%         3
 Cause Fear               Hex            4%         N/A       71%         4


Dungeon Overview and Level Annotations

Branches:
Dungeon (5/15)
 Temple: D:4-7

Altars:
The Shining One


Message History

The sling bullet hits the orc but does no damage.
You shoot a sling bullet. The sling bullet hits the orc.
The orc is lightly wounded.
You hear a shout!
Your +1 whip of freezing glows with a cold blue light!
a - a +1 whip of freezing (weapon)
You hit the orc but do no damage.
The orc is lightly wounded.
The orc closely misses you.
You barely miss the orc.
The orc hits you with a +2 mace of venom.
You are poisoned.
You barely miss the orc.
You feel very sick. The orc misses you.
You hit the orc but do no damage.
You feel very sick. The orc closely misses you.
You hit the orc. You freeze the orc.
The orc is moderately wounded.
You feel sick.
The orc hits you with a +2 mace of venom.
You are more poisoned.
You hit the orc. You freeze the orc.
The orc is heavily wounded.
You feel very sick.
The orc hits you with a +2 mace of venom.
You are lethally poisoned!
The orc shouts!
You hit the orc but do no damage. You punch the orc, but do no damage.
The orc is heavily wounded.
* * * LOW HITPOINT WARNING * * *
You feel extremely sick.
The orc hits you with a +2 mace of venom!
* * * LOW HITPOINT WARNING * * *
You are more poisoned.
The orc attacks as you move away!
The orc hits you with a +2 mace of venom.
* * * LOW HITPOINT WARNING * * *
You die...

#### #...# ..# #...# o #.#
#...# .. ####@### #...# ..o
#oo....######...##### ...o
#.##o#............... .....
#.o.........<........
......##o...#...............
.[..$......##.####.#...#.###
..?..###...##.# #.#...#.#
### #......# #.#...#.#
###.#### #.#...#.#


You could see 3 orcs.

Vanquished Creatures
  A centaur (D:5)
  3 hounds (D:5)
  A gnoll (D:4)
  2 ufetubi (D:4)
  A worm (D:4)
  3 dart slugs
  4 endoplasms (D:1)
  A giant cockroach (D:1)
  4 goblins (D:1)
  4 hobgoblins (D:1)
  3 kobolds (D:1)
  3 ball pythons (D:1)
  4 bats (D:1)
  4 rats (D:1)
38 creatures vanquished.

Notes
Turn   | Place    | Note
-------+----------+-------------------------------------------
     0 | D:1      | scionoferis the Human Hexslinger began the quest for the
                  | Orb.
     0 | D:1      | Reached XP level 1. HP: 15/15 MP: 2/2
    97 | D:1      | Reached XP level 2. HP: 21/21 MP: 3/3
   312 | D:1      | Reached skill level 2 in Fighting
   344 | D:1      | Reached XP level 3. HP: 27/27 MP: 4/4
   361 | D:1      | Reached skill level 1 in Armour
   730 | D:2      | You fall into a shaft and drop 2 floors!
   799 | D:5      | Entered Level 5 of the Dungeon
   873 | D:4      | Reached XP level 4. HP: 29/34 MP: 5/5
   974 | D:4      | HP: 1/34 [gnoll/+0 spear (6)]
  1128 | D:5      | Found a glowing golden altar of the Shining One.
  1191 | D:5      | Reached skill level 3 in Fighting
  1301 | D:5      | Noticed a centaur
  1322 | D:5      | Killed a centaur
  1323 | D:5      | Reached XP level 5. HP: 15/42 MP: 6/6
  1476 | D:5      | Reached XP level 6. HP: 45/48 MP: 7/7
  1510 | D:5      | Reached skill level 4 in Fighting
  1662 | D:5      | Succumbed to an orc's poison

Illustrated notes

Levels and vault maps discovered:
D:1:      dpeg_arrival_stone_temple_mockup, layout_basic
D:2:      layout_basic, basic_altar, uniq_sigmund
D:4:      layout_cave_pods
D:5:      layout_loops_cross, lemuel_doored_altar,
          mainiacjoe_overflow_two_lobes, corexii_shack, minmay_misc_feat_doors,
          minivault_27

Skill      XL: |  1  2  3  4  5  6 |
---------------+-------------------+-----
Fighting       | 2 3 4 |  4.1
Armour         | 1 2 |  2.5
Dodging        | 3 |  3.4
Ranged Weapons | |  2.0
Spellcasting   | |  1.0
Hexes          | |  3.0

Action                   |  1- 3 |  4- 6 || total
-------------------------+-------+-------++-------
Melee: Whip              |    50 |    46 ||    96
       Punch             |       |     2 ||     2
 Fire: Sling             |    75 |    22 ||    97
 Cast: Slow              |       |     5 ||     5
  Use: Potion            |       |     1 ||     1
Armor: Robe              |     4 |       ||     4
       Leather armour    |    41 |    18 ||    59
       Skin              |       |    22 ||    22
Dodge: Dodged            |    68 |    35 ||   103

Table legend: (Time is in decaauts)
 A = Elapsed time spent in this place.
 B = Non-inter-level travel time spent in this place.
 C = Inter-level travel time spent in this place.
 D = Time resting spent in this place.
 E = Time spent auto-exploring this place.
 F = Levels seen in this place.
 G = Mean time per level.
                   A        B        C        D        E       F      G
               +--------+--------+--------+--------+--------+-----+--------+
         Total |   1689 |   1659 |     30 |    412 |    801 |   4 |  422.2 |
       Dungeon |   1689 |   1659 |     30 |    412 |    801 |   4 |  422.2 |
               +--------+--------+--------+--------+--------+-----+--------+

Top non-repeatable levels by time:
     D:1: 737 daAuts
     D:5: 723 daAuts
     D:4: 218 daAuts
     D:2: 9 daAuts
